 Dungeon Crawl Stone Soup version 0.19-a0-1815-g4007336 (webtiles) character file.

266 Aziraphale the Shield-Bearer (level 6, 0/55 HPs)
             Began as a Deep Dwarf Fighter on Oct 5, 2016.
             Succumbed to an orc wizard's poison
             ... on level 3 of the Dungeon.
             The game lasted 00:06:47 (1730 turns).

Aziraphale the Shield-Bearer (Deep Dwarf Fighter)   Turns: 1730, Time: 00:06:47

Health: 0/55       AC: 12    Str: 21    XL:     6   Next: 0%
Magic:  7/7        EV:  4    Int:  9    God:
Gold:   210        SH: 11    Dex: 12    Spells: 0 memorised, 5 levels left

rFire  . . .     SeeInvis .     r - +1 short sword (flame)
rCold  . . .     Gourm    .     s - +0 plate armour
rNeg   . . .     Faith    .     c - +0 shield
rPois  .         Spirit   .     (no helmet)
rElec  .         Dismiss  .     (no cloak)
rCorr  +         Reflect  .     (no gloves)
MR     .....     Harm     .     n - +0 pair of boots
Stlth  ..........               (no amulet)
                                u - ring of flight
                                q - ring of resist corrosion

@: lethally poisoned (0 -> -5), non-regenerating
A: damage resistance, recharge devices, sense surroundings 1, slow regeneration
3
a: Device Recharging, Evoke Flight


You were on level 3 of the Dungeon.
You were not hungry.

You visited 1 branch of the dungeon, and saw 3 of its levels.

You collected 210 gold pieces.

Inventory:

Hand Weapons
 a - a +0 flail
 r - a +1 short sword of flaming (weapon)
 z - a +0 short sword of freezing
Missiles
 g - 12 poisoned needles
Armour
 c - a +0 shield (worn)
 n - a +0 pair of boots (worn)
 s - a +0 plate armour (worn)
Jewellery
 q - a ring of resist corrosion (left hand)
 u - a ring of flight (right hand)
Wands
 e - a wand of heal wounds (4/9)
Scrolls
 i - 3 scrolls of identify {unknown}
 l - a scroll of amnesia {unknown}
 m - a scroll of noise {unknown}
 v - a scroll of random uselessness {unknown}
 w - a scroll of teleportation {unknown}
 x - a scroll of magic mapping {unknown}
Potions
 d - 2 potions of might
 j - a potion of haste {unknown}
 p - a potion of invisibility {unknown}
 t - a potion of cancellation {unknown}
Comestibles
 b - a slice of pizza
 f - a bread ration
 h - 2 chunks of flesh
 o - 3 meat rations


   Skills:
 - Level 2.6 Fighting
 - Level 2.0 Maces & Flails
 - Level 3.2 Armour
 + Level 7.0 Shields
 - Level 2.5 Evocations


You had 5 spell levels left.
You didn't know any spells.

Dungeon Overview and Level Annotations

Branches:
Dungeon (3/15)

Altars:
Cheibriados
Dithmenos
Kikubaaqudgha


Innate Abilities, Weirdness & Mutations

You are resistant to damage.
You can recharge devices by infusing magical energy.
You passively map a small area around you.
You do not regenerate.


Message History

The orc wizard blinks!
The orc hits you but does no damage.
You hit the orc. You burn the orc.
You kill the orc!
* * * LOW HITPOINT WARNING * * *
You feel very sick.
* * * LOW HITPOINT WARNING * * *
You feel sick.
Things that are here:
a dagger of venom; 2 tomahawks; a hound corpse
* * * LOW HITPOINT WARNING * * *
You feel sick. You block the orc wizard's attack.
You see here a whip.
You puncture the orc wizard! You burn the orc wizard.
You kill the orc wizard!
Your Shields skill increases to level 7!
You have reached level 6!
Your experience leads to an increase in your attributes!
Increase (S)trength, (I)ntelligence, or (D)exterity?
You feel stronger.
You die...

#......# #.###.# #.# #..#
#......# #.....###.###..# *
##......##...#..'.._..'..#
#.......<....###.#######.##
* ...#####..#..## #.# ###
#.# .## #..#.### #.#*###
#.# #......# #..,... ..#
##.#)#..#### ##. ###
#.#@##..# .# #.#)#*#§o#* ##
* #.#.# .... #.#.# ....,, *
#.#.#, , ... , * #...# ...
, * #..##, , , **.. * ,
,,.. *


There were no monsters in sight!

Vanquished Creatures
  A hound (D:3)
  An orc wizard (D:3)
  Natasha (D:3)
  3 gnolls (D:2)
  6 adders
  3 worms (D:2)
  3 dart slugs
  3 leopard geckos
  8 orcs (D:3)
  4 giant cockroaches
  11 goblins
  7 hobgoblins
  4 kobolds
  A quokka (D:3)
  10 bats
  5 frilled lizards
  10 rats
81 creatures vanquished.

Notes
Turn   | Place    | Note
-------+----------+-------------------------------------------
     0 | D:1      | Aziraphale the Deep Dwarf Fighter began the quest for the Orb.
     0 | D:1      | Reached XP level 1. HP: 20/20 MP: 1/1
    82 | D:1      | Reached XP level 2. HP: 27/27 MP: 2/2
    93 | D:1      | Reached skill level 4 in Shields
   568 | D:1      | Reached XP level 3. HP: 29/33 MP: 3/3
   735 | D:2      | Found a shadowy altar of Dithmenos.
   763 | D:2      | Reached skill level 1 in Evocations
   816 | D:2      | Found a faded altar of an unknown god.
   937 | D:2      | Reached skill level 5 in Shields
   940 | D:2      | Reached XP level 4. HP: 24/40 MP: 5/5
  1391 | D:3      | Reached XP level 5. HP: 32/46 MP: 6/6
  1423 | D:3      | Reached skill level 6 in Shields
  1484 | D:3      | Found a snail-covered altar of Cheibriados.
  1553 | D:3      | Found an ancient bone altar of Kikubaaqudgha.
  1556 | D:3      | Noticed Natasha
  1562 | D:3      | Killed Natasha
  1729 | D:3      | HP: 1/46 [poisoned by an orc wizard]
  1730 | D:3      | Reached skill level 7 in Shields
  1730 | D:3      | Reached XP level 6. HP: 2/55 MP: 7/7
  1730 | D:3      | Succumbed to an orc wizard's poison

Vault maps used:
D:1:      scummos_arrival_simple_fountains
D:2:      nicolae_overflow_hidden_temple, ecumenical_altar_1
D:3:      lemuel_doored_altar, overflow_temple_1_default, first_bread,
          uniq_natasha

Skill      XL: |  1  2  3  4  5 |
---------------+----------------+-----
Shields        | 4 5 7 |  7.0
Evocations     | 2 |  2.5
Fighting       | |  2.6
Maces & Flails | |  2.0
Armour         | |  3.2

Action                   |  1- 3 |  4- 6 || total
-------------------------+-------+-------++-------
Melee: Flail             |    97 |       ||    97
       Short sword       |    19 |   179 ||   198
Evoke: Wand              |       |     1 ||     1
  Use: Potion            |       |     1 ||     1
       Scroll            |       |     2 ||     2
  Eat: Chunk             |       |     3 ||     3
Armor: Scale mail        |    38 |       ||    38
       Plate armour      |     6 |   127 ||   133
Dodge: Dodged            |    30 |    38 ||    68
Block: Shield            |    55 |   125 ||   180
